| TOP OF THE 1ST |
|
Indianapolis Indians batting - Pitching for Oklahoma City 89ers : RHP Kennedy Corzel
|
|
Pitching: RHP Kennedy Corzel
|
|
|
Batting: SHB Julio Estrada
|
0-0: Ball 1-0: Ball 2-0: Ground out 3-1 (Groundball, 34S, EV 76.9 MPH)
|
|
Batting: LHB Roberto Ruiz
|
0-0: Ball 1-0: Ball 2-0: Ball 3-0: Called Strike 3-1: Fly out, F9 (Flyball, 9D, EV 106.9 MPH)
|
|
Batting: LHB Scott Radloff
|
0-0: Ball 1-0: Called Strike 1-1: Swinging Strike 1-2: Strikes out looking
|
| Top of the 1st over - 0 runs, 0 hits, 0 errors, 0 left on base; Indianapolis 0 - Oklahoma City 0 |
| BOTTOM OF THE 1ST |
|
Oklahoma City 89ers batting - Pitching for Indianapolis Indians : RHP Mike Cullen
|
|
Pitching: RHP Mike Cullen
|
|
|
Batting: RHB James Glenn
|
0-0: Called Strike 0-1: Ball 1-1: Ball 2-1: Called Strike 2-2: Reached via error on a dropped throw from P, E3 (Groundball, 15, EV 65.0 MPH)
|
|
Batting: RHB John Christensen
|
0-0: Ball 1-0: Called Strike James Glenn steals 2nd base 1-1: SINGLE (Flyball, 56D, EV 93.8 MPH) James Glenn to third
|
|
Batting: LHB Tom O'Malley
|
0-0: Ball 1-0: Swinging Strike 1-1: Ball 2-1: Foul Ball, location: 2F 2-2: Foul Ball, location: 2F 2-2: Strikes out swinging
|
|
Batting: RHB Cecil Fielder
|
0-0: Ball John Christensen steals 2nd base 1-0: Foul Ball, location: 2F 1-1: Foul Ball, location: 2F 1-2: Ball 2-2: Foul Ball, location: 2F 2-2: Strikes out swinging
|
|
Batting: RHB Tim Tolman
|
0-0: Ball 1-0: Called Strike 1-1: Ball 2-1: Fly out, F9 (Flyball, 89S, EV 83.1 MPH)
|
| Bottom of the 1st over - 0 runs, 1 hit, 1 error, 2 left on base; Indianapolis 0 - Oklahoma City 0 |
| TOP OF THE 2ND |
|
Indianapolis Indians batting - Pitching for Oklahoma City 89ers : RHP Kennedy Corzel
|
|
Batting: RHB Pat Rooney
|
0-0: Called Strike 0-1: Fly out, F5 (Flyball, 56D, EV 88.1 MPH)
|
|
Batting: RHB Steven Campbell
|
0-0: Called Strike 0-1: Swinging Strike 0-2: Fly out, F4 (Popup, 3S, EV 77.5 MPH)
|
|
Batting: LHB James Maxwell
|
0-0: Ball 1-0: Ball 2-0: Ball 3-0: Called Strike 3-1: Called Strike 3-2: Strikes out swinging
|
| Top of the 2nd over - 0 runs, 0 hits, 0 errors, 0 left on base; Indianapolis 0 - Oklahoma City 0 |
| BOTTOM OF THE 2ND |
|
Oklahoma City 89ers batting - Pitching for Indianapolis Indians : RHP Mike Cullen
|
|
Batting: RHB Richard Howard
|
0-0: Called Strike 0-1: Called Strike 0-2: Ball 1-2: Foul Ball, location: 2F 1-2: Foul Ball, location: 2F 1-2: Ball 2-2: Foul Ball, location: 2F 2-2: SINGLE (Groundball, 6, EV 98.8 MPH)
|
|
Batting: RHB Nick Esasky
|
0-0: Called Strike 0-1: Ball 1-1: Called Strike 1-2: Ball 2-2: Foul Ball, location: 2F 2-2: Foul Ball, location: 2F 2-2: Fly out, F9 (Flyball, 9LM, EV 95.6 MPH)
|
|
Batting: RHB Danny Jasso
|
0-0: Called Strike 0-1: Ball 1-1: Ball 2-1: DOUBLE (Line Drive, 9LM, EV 105.6 MPH) Richard Howard to third
|
|
Batting: RHB Ron Tingley
|
0-0: Called Strike 0-1: Ball 1-1: Swinging Strike 1-2: Ball 2-2: Foul Ball, location: 2F 2-2: Ball 3-2: Ground out 3-1 (Groundball, 34, EV 83.1 MPH) Richard Howard scores Danny Jasso to third
|
|
Batting: RHB James Glenn
|
0-0: Ball 1-0: Called Strike 1-1: Swinging Strike 1-2: Fly out, F2 (Popup, 3SF, EV 73.8 MPH)
|
| Bottom of the 2nd over - 1 run, 2 hits, 0 errors, 1 left on base; Indianapolis 0 - Oklahoma City 1 |
| TOP OF THE 3RD |
|
Indianapolis Indians batting - Pitching for Oklahoma City 89ers : RHP Kennedy Corzel
|
|
Batting: RHB Bill Lindsey
|
0-0: Foul Ball, location: 2F 0-1: Foul Ball, location: 2F 0-2: Foul Ball, location: 2F 0-2: Fly out, F4 (Line Drive, 4, EV 65.0 MPH)
|
|
Batting: LHB David Bertulli
|
0-0: Called Strike 0-1: Swinging Strike 0-2: Strikes out swinging
|
|
Batting: RHB Robert Bonnette
|
0-0: Called Strike 0-1: Hit by Pitch
|
|
Batting: SHB Julio Estrada
|
0-0: Fielders Choice at 2nd, 5-4 (Groundball, 56, EV 91.9 MPH)
|
| Top of the 3rd over - 0 runs, 0 hits, 0 errors, 1 left on base; Indianapolis 0 - Oklahoma City 1 |
| BOTTOM OF THE 3RD |
|
Oklahoma City 89ers batting - Pitching for Indianapolis Indians : RHP Mike Cullen
|
|
Batting: RHB John Christensen
|
0-0: Ball 1-0: Ball 2-0: Ball 3-0: Base on Balls
|
|
Batting: LHB Tom O'Malley
|
0-0: Called Strike 0-1: Ball 1-1: Foul Ball, location: 2F 1-2: Foul Ball, location: 2F 1-2: Fielders Choice at 2nd, 3-6 (Groundball, 3, EV 89.4 MPH)
|
|
Batting: RHB Cecil Fielder
|
0-0: Foul Ball, location: 2F 0-1: Ball 1-1: Foul Ball, location: 2F 1-2: Fly out, F8 (Flyball, 8RM, EV 78.1 MPH)
|
|
Batting: RHB Tim Tolman
|
0-0: Called Strike 0-1: Called Strike 0-2: Strikes out swinging
|
| Bottom of the 3rd over - 0 runs, 0 hits, 0 errors, 1 left on base; Indianapolis 0 - Oklahoma City 1 |
| TOP OF THE 4TH |
|
Indianapolis Indians batting - Pitching for Oklahoma City 89ers : RHP Kennedy Corzel
|
|
Batting: LHB Roberto Ruiz
|
0-0: Swinging Strike 0-1: Ball 1-1: Fly out, F9 (Flyball, 89S, EV 88.8 MPH)
|
|
Batting: LHB Scott Radloff
|
0-0: Called Strike 0-1: Foul Ball, location: 2F 0-2: Ball 1-2: Ball 2-2: Ball 3-2: Foul Ball, location: 2F 3-2: Ground out 6-3 (Groundball, 6, EV 105.6 MPH)
|
|
Batting: RHB Pat Rooney
|
0-0: SINGLE (Flyball, 78S, EV 96.9 MPH)
|
|
Batting: RHB Steven Campbell
|
0-0: Ball 1-0: Ball 2-0: Called Strike 2-1: Foul Ball, location: 2F 2-2: Ground out 6-3 (Groundball, 6M, EV 78.8 MPH)
|
| Top of the 4th over - 0 runs, 1 hit, 0 errors, 1 left on base; Indianapolis 0 - Oklahoma City 1 |
| BOTTOM OF THE 4TH |
|
Oklahoma City 89ers batting - Pitching for Indianapolis Indians : RHP Mike Cullen
|
|
Batting: RHB Richard Howard
|
0-0: Swinging Strike 0-1: Ball 1-1: Ball 2-1: Called Strike 2-2: Strikes out swinging
|
|
Batting: RHB Nick Esasky
|
0-0: Foul Ball, location: 2F 0-1: SOLO HOME RUN (Line Drive, 7D, EV 100.0 MPH), Distance : 378 ft
|
|
Batting: RHB Danny Jasso
|
0-0: Ball 1-0: Ball 2-0: Foul Ball, location: 2F 2-1: Foul Ball, location: 2F 2-2: Foul Ball, location: 2F 2-2: Foul Ball, location: 2F 2-2: Fly out, F6 (Flyball, 56D, EV 80.0 MPH)
|
|
Batting: RHB Ron Tingley
|
0-0: Called Strike 0-1: Foul Ball, location: 2F 0-2: Ball 1-2: Ball 2-2: Strikes out looking
|
| Bottom of the 4th over - 1 run, 1 hit, 0 errors, 0 left on base; Indianapolis 0 - Oklahoma City 2 |
| TOP OF THE 5TH |
|
Indianapolis Indians batting - Pitching for Oklahoma City 89ers : RHP Kennedy Corzel
|
|
Batting: LHB James Maxwell
|
0-0: Ball 1-0: Ball 2-0: SINGLE (Line Drive, 89S, EV 105.6 MPH)
|
|
Batting: RHB Bill Lindsey
|
0-0: Called Strike 0-1: Fly out, F3 (Popup, 3S, EV 76.3 MPH)
|
|
Batting: LHB David Bertulli
|
0-0: Ball 1-0: Grounds out, U3 (Groundball, 3L, EV 83.8 MPH)
|
|
Batting: RHB Robert Bonnette
|
0-0: Ground out 1-3 (Groundball, 15S, EV 61.9 MPH)
|
| Top of the 5th over - 0 runs, 1 hit, 0 errors, 1 left on base; Indianapolis 0 - Oklahoma City 2 |
| BOTTOM OF THE 5TH |
|
Oklahoma City 89ers batting - Pitching for Indianapolis Indians : RHP Mike Cullen
|
|
Batting: RHB James Glenn
|
0-0: Swinging Strike 0-1: Ground out 3-1 (Groundball, 34S, EV 92.5 MPH)
|
|
Batting: RHB John Christensen
|
0-0: Called Strike 0-1: Ball 1-1: Called Strike 1-2: Strikes out swinging
|
|
Batting: LHB Tom O'Malley
|
0-0: Ball 1-0: Called Strike 1-1: Ground out U3 (Groundball, 3, EV 84.4 MPH)
|
| Bottom of the 5th over - 0 runs, 0 hits, 0 errors, 0 left on base; Indianapolis 0 - Oklahoma City 2 |
| TOP OF THE 6TH |
|
Indianapolis Indians batting - Pitching for Oklahoma City 89ers : RHP Kennedy Corzel
|
|
Batting: SHB Julio Estrada
|
0-0: Swinging Strike 0-1: Ball 1-1: Fly out, F9 (Line Drive, 9, EV 103.8 MPH)
|
|
Batting: LHB Roberto Ruiz
|
0-0: SOLO HOME RUN (Flyball, 7D, EV 96.9 MPH), Distance : 364 ft
|
|
Batting: LHB Scott Radloff
|
0-0: Swinging Strike 0-1: Called Strike 0-2: Foul Ball, location: 2F 0-2: Ball 1-2: Fly out, F9 (Flyball, 89D, EV 93.8 MPH)
|
|
Batting: RHB Pat Rooney
|
0-0: Foul Ball, location: 2F 0-1: Swinging Strike 0-2: Ball 1-2: Ball 2-2: Fly out, F7 (Flyball, 7S, EV 90.0 MPH)
|
| Top of the 6th over - 1 run, 1 hit, 0 errors, 0 left on base; Indianapolis 1 - Oklahoma City 2 |
| BOTTOM OF THE 6TH |
|
Oklahoma City 89ers batting - Pitching for Indianapolis Indians : RHP Mike Cullen
|
|
Batting: RHB Cecil Fielder
|
0-0: Ball 1-0: Foul Ball, location: 2F 1-1: Fly out, F9 (Flyball, 9LS, EV 80.6 MPH)
|
|
Batting: RHB Tim Tolman
|
0-0: Called Strike 0-1: Called Strike 0-2: Ball 1-2: Ground out 6-3 (Groundball, 6, EV 88.8 MPH)
|
|
Batting: RHB Richard Howard
|
0-0: Ball 1-0: Fly out, F9 (Flyball, 89M, EV 86.9 MPH)
|
| Bottom of the 6th over - 0 runs, 0 hits, 0 errors, 0 left on base; Indianapolis 1 - Oklahoma City 2 |
| TOP OF THE 7TH |
|
Indianapolis Indians batting - Pitching for Oklahoma City 89ers : RHP Kennedy Corzel
|
|
Batting: RHB Steven Campbell
|
0-0: Ball 1-0: Foul Ball, location: 2F 1-1: Called Strike 1-2: Foul Ball, location: 2F 1-2: Reached on error, E5 (Groundball, 56S, EV 85.6 MPH)
|
|
Batting: LHB James Maxwell
|
0-0: Ball 1-0: Grounds into double play, U6-3 (Groundball, 4M, EV 80.6 MPH)
|
|
Batting: RHB Bill Lindsey
|
0-0: Ground out 6-3 (Groundball, 6, EV 84.4 MPH)
|
| Top of the 7th over - 0 runs, 0 hits, 1 error, 0 left on base; Indianapolis 1 - Oklahoma City 2 |
| BOTTOM OF THE 7TH |
|
Oklahoma City 89ers batting - Pitching for Indianapolis Indians : RHP Mike Cullen
|
|
Batting: RHB Nick Esasky
|
0-0: Foul Ball, location: 2F 0-1: Ball 1-1: Called Strike 1-2: Strikes out looking
|
|
Batting: RHB Danny Jasso
|
0-0: Ball 1-0: Called Strike 1-1: Foul Ball, location: 2F 1-2: Fly out, F9 (Flyball, 89XD, EV 103.1 MPH)
|
|
Batting: RHB Ron Tingley
|
0-0: Ground out 4-3 (Groundball, 4, EV 100.0 MPH)
|
| Bottom of the 7th over - 0 runs, 0 hits, 0 errors, 0 left on base; Indianapolis 1 - Oklahoma City 2 |
| TOP OF THE 8TH |
|
Indianapolis Indians batting - Pitching for Oklahoma City 89ers : RHP Kennedy Corzel
|
|
Batting: LHB David Bertulli
|
0-0: Foul Ball, location: 2F 0-1: Ground out 4-3 (Groundball, 4, EV 100.0 MPH)
|
|
Batting: RHB Robert Bonnette
|
0-0: Ball 1-0: Ball 2-0: Called Strike 2-1: Foul Ball, location: 2F 2-2: Ground out 6-3 (Groundball, 15, EV 80.6 MPH)
|
|
Batting: SHB Julio Estrada
|
0-0: Ball 1-0: Ground out 4-3 (Groundball, 34, EV 98.1 MPH)
|
| Top of the 8th over - 0 runs, 0 hits, 0 errors, 0 left on base; Indianapolis 1 - Oklahoma City 2 |
| BOTTOM OF THE 8TH |
|
Oklahoma City 89ers batting - Pitching for Indianapolis Indians : RHP Mike Cullen
|
|
Batting: RHB James Glenn
|
0-0: Ball 1-0: Called Strike 1-1: Ball 2-1: SINGLE (Line Drive, 9LS, EV 101.9 MPH)
|
|
Batting: RHB John Christensen
|
0-0: Swinging Strike 0-1: Ball 1-1: Swinging Strike 1-2: Strikes out swinging
|
|
Batting: LHB Tom O'Malley
|
0-0: Called Strike 0-1: Fly out, F6 (Popup, 6, EV 50.6 MPH)
|
|
Batting: RHB Cecil Fielder
|
0-0: Called Strike 0-1: Foul Ball, location: 2F 0-2: Fly out, F8 (Flyball, 8RM, EV 76.3 MPH)
|
| Bottom of the 8th over - 0 runs, 1 hit, 0 errors, 1 left on base; Indianapolis 1 - Oklahoma City 2 |
| TOP OF THE 9TH |
|
Indianapolis Indians batting - Pitching for Oklahoma City 89ers : RHP Kennedy Corzel
|
|
Pitching: RHP Ernie Camacho
|
|
|
Batting: LHB Roberto Ruiz
|
0-0: Called Strike 0-1: Foul Ball, location: 2F 0-2: Fly out, F7 (Line Drive, 7D, EV 100.6 MPH)
|
|
Batting: LHB Scott Radloff
|
0-0: Fly out, F9 (Flyball, 9D, EV 98.8 MPH)
|
|
Batting: RHB Pat Rooney
|
0-0: Ball 1-0: Ball 2-0: Ball 3-0: Base on Balls
|
|
Pinch Hitting: SHB Bobby Ball
|
0-0: Foul Ball, location: 2F 0-1: Fly out, F8 (Flyball, 78D, EV 95.0 MPH)
|
| Top of the 9th over - 0 runs, 0 hits, 0 errors, 1 left on base; Indianapolis 1 - Oklahoma City 2 |
|